Map: Dusty Gorge

Players

RaZoR - Winner!

  • Race: Terran Terran
  • Spawn Location: 9:00

PureLegacy - Winner!

  • Race: Terran Terran
  • Spawn Location: 11:00

Террорист

  • Race: Zerg Zerg
  • Spawn Location: 3:00

Nkl

  • Race: Zerg Zerg
  • League: Diamond
  • Spawn Location: 5:00

VOD

Have the link to the VOD?

Description

Time

  • Played on: Nov. 29, 2018, 1:18 p.m.
  • Length: 5:15
Show
View Real Time Build Order
Export as new Build Order

RaZoR Terran - Winner!

Build Orders: Hellion Opening 

Get SALT Encoding   

  12  0:03  SCV  
  13  0:15  SCV  
  13  0:20  Supply Depot  
  14  0:27  SCV  
  15  0:33  Refinery  
  15  0:42  SCV  
  16  0:49  Barracks  
  16  0:54  SCV  
  17  1:08  SCV  
  18  1:20  SCV  
  19  1:45  Command Center  
  19  1:49  Orbital Command  
  19  2:03  Factory  
  19  2:04  Marine  
  20  2:19  Supply Depot  
  20  2:24  SCV  
  20  2:28  Barracks Reactor  
  21  2:35  Refinery  
  21  2:36  SCV  
  22  2:46  Factory  
  22  2:48  SCV  
  23  3:00  SCV x2  
  25  3:11  Hellion x2  
  25  3:12  SCV  
  30  3:15  SCV  
  30  3:17  Barracks Tech Lab  
  31  3:28  SCV  
  31  3:32  Hellion x2  
  36  3:37  Orbital Command  
  36  3:53  Hellion  
  36  3:54  Hellion  
  36  3:55  Armory  
  40  3:57  SCV  
  41  4:03  SCV  
  41  4:08  Refinery  
  41  4:09  SCV  
  43  4:13  Siege Tank  
  46  4:20  Supply Depot  
  46  4:24  Supply Depot  
  46  4:42  SCV x2  
  46  4:45  Hellion  
  50  4:54  SCV x2  
  52  5:03  Refinery  
  50  5:12  Command Center  
Show
View Real Time Build Order
Export as new Build Order

PureLegacy Terran - Winner!

Build Orders:  

Get SALT Encoding   

  12  0:01  SCV  
  13  0:13  SCV  
  14  0:18  Supply Depot  
  14  0:25  SCV  
  15  0:30  Refinery  
  15  0:40  SCV  
  16  0:46  Barracks  
  16  0:52  SCV  
  17  1:04  Barracks  
  17  1:16  Barracks  
  17  1:21  SCV  
  18  1:34  Reaper  
  18  1:39  Orbital Command  
  19  1:52  Refinery  
  19  1:56  Reaper  
  20  2:04  Supply Depot  
  20  2:06  Reaper  
  21  2:08  SCV  
  21  2:12  Reaper  
  23  2:25  SCV  
  23  2:29  Reaper  
  25  2:31  Supply Depot  
  25  2:37  SCV  
  25  2:38  Reaper  
  27  2:45  Reaper  
  27  2:49  SCV  
  29  3:02  Reaper  
  30  3:10  Reaper  
  31  3:15  SCV  
  31  3:17  Reaper  
  33  3:28  Command Center  
  33  3:34  Reaper  
  34  3:42  Reaper  
  34  3:46  SCV  
  36  3:48  Engineering Bay  
  36  4:00  Reaper  
  37  4:14  Reaper  
  37  4:15  Reaper  
  39  4:18  Barracks  
  39  4:19  Barracks  
  39  4:20  Barracks  
  39  4:33  SCV  
  39  4:39  Supply Depot, Reaper  
  40  5:07  Refinery x2  
Show
View Real Time Build Order
Export as new Build Order

Террорист Zerg 

Build Orders: Hatch First 

Get SALT Encoding   

  12  0:01  Drone  
  13  0:14  Overlord  
  13  0:20  Drone  
  14  0:33  Drone  
  14  0:34  Drone  
  16  0:38  Drone  
  17  0:58  Drone  
  17  0:59  Drone  
  19  1:07  Hatchery  
  19  1:09  Drone  
  19  1:17  Spawning Pool  
  18  1:37  Extractor  
  17  1:52  Overlord  
  17  2:05  Queen  
  19  2:09  Drone  
  20  2:18  Queen  
  20  2:20  Zergling x6  
  25  2:27  Overlord  
  25  2:36  Spore Crawler  
  24  2:41  Queen  
  26  2:47  Drone x2  
  26  2:48  Drone x2  
  26  2:51  Metabolic Boost  
  30  3:00  Zergling x4  
  32  3:06  Zergling x2  
  32  3:07  Zergling x2  
  32  3:09  Spine Crawler  
  32  3:16  Queen  
  33  3:26  Zergling x10  
  37  3:35  Zergling x4  
  38  3:46  Overlord  
  37  3:54  Overlord  
  34  4:06  Queen x2  
  34  4:08  Zergling x2  
  34  4:20  Zergling x8  
  34  4:21  Zergling x2  
  37  4:35  Zergling x4  
  35  4:41  Zergling x2  
  35  4:42  Zergling x6  
  36  4:52  Zergling x2  
  36  4:57  Zergling x4  
Show
View Real Time Build Order
Export as new Build Order

Nkl Zerg 

Build Orders: Pool First 

Get SALT Encoding   

  12  0:01  Drone  
  13  0:13  Overlord  
  13  0:18  Drone  
  14  0:31  Drone  
  14  0:32  Drone  
  16  0:36  Drone  
  17  0:46  Spawning Pool  
  17  0:49  Drone  
  17  0:58  Drone  
  18  1:14  Hatchery  
  18  1:17  Drone  
  18  1:22  Extractor  
  18  1:23  Drone  
  18  1:30  Drone  
  19  1:35  Queen  
  21  1:41  Overlord  
  21  1:53  Drone  
  22  2:02  Drone  
  23  2:11  Queen  
  25  2:16  Drone  
  26  2:23  Zergling x2  
  26  2:27  Metabolic Boost  
  28  2:30  Zergling x2  
  28  2:33  Drone  
  29  2:41  Drone  
  29  2:43  Drone x2  
  32  2:44  Drone  
  32  2:47  Queen  
  35  2:55  Overlord  
  35  3:12  Drone  
  36  3:13  Queen  
  36  3:15  Drone x4  
  41  3:27  Zergling x6  
  43  3:37  Zergling x2  
  43  3:39  Overlord x2  
  40  4:18  Drone x3  
  40  4:19  Drone, Zergling x2  
  40  4:20  Zergling x10  
  47  4:38  Zergling x2  
  47  4:39  Zergling x2  
Tags
 
Add a new tag
Caveats
  • Supply blocks, unpowered buildings, or Contaminate may cause inaccurate times.
  • Supply counts are checked every 10 seconds.